 Dungeon Crawl Stone Soup version 0.30-a0-603-g51a0fb1b98 (webtiles) character file.

Game seed: 7765051640153188569

68 Leeroy the Scratcher (level 4, -1/19 HPs)
             Began as a Felid Transmuter on Jan 7, 2023.
             Slain by a gnoll
             ... wielding a +0 club
              (5 damage)
             ... on level 3 of the Dungeon.
             The game lasted 00:04:31 (1590 turns).

Leeroy the Scratcher (Felid Transmuter)             Turns: 1590, Time: 00:04:32

Health: -1/19      AC:  1    Str:  6    XL:     4   Next: 1%
Magic:  8/8        EV: 17    Int: 16    God:
Gold:   115        SH:  0    Dex: 16    Spells: 3/7 levels left
                                        Lives:  0   Deaths: 1

rFire   . . .      SeeInvis +      - Unarmed
rCold   . . .      Faith    .    (shield unavailable)
rNeg    . . .      Spirit   .    (body armour unavailable)
rPois   .          Reflect  .    (helmet unavailable)
rElec   .          Harm     .    (cloak unavailable)
rCorr   .          Rampage  .    (gloves unavailable)
Will    .....                    (boots unavailable)
Stlth   +                        (no amulet)
HPRegen 0.23/turn                (no ring)
MPRegen 0.11/turn                (no ring)

@: quick
A: very small, claws 1, fangs 3, see invisible, speed 1, shaggy fur 1, stealthy
paws, no weapons or thrown items, no armour, multi-lived
a: no special abilities


You were on level 3 of the Dungeon.
You visited 1 branch of the dungeon, and saw 3 of its levels.

You collected 115 gold pieces.

Inventory:

Scrolls
 c - 2 scrolls of fear {unknown}
 d - 3 scrolls of identify {unknown}
 e - 2 scrolls of vulnerability {unknown}
 f - 2 scrolls of immolation {unknown}
 i - a scroll of silence {unknown}
Potions
 a - a potion of lignification
 b - a potion of brilliance {unknown}
 g - 2 potions of heal wounds {unknown}
 h - a potion of flight {unknown}


   Skills:
 - Level 1.0 Fighting
 - Level 2.6 Dodging
 + Level 5.4 Unarmed Combat
 - Level 2.0 Spellcasting
 * Level 2.6 Transmutations


You had 3 spell levels left.
You knew the following spells:

 Your Spells              Type           Power      Damage    Failure   Level
a - Beastly Appendage     Tmut           18%        N/A       7%          1
b - Spider Form           Tmut/Pois      5%         N/A       36%         3

Your spell library contained the following spells:

 Spells                   Type           Power      Damage    Failure   Level
 Wereblood                Tmut           9%         N/A       11%         2
 Call Canine Familiar     Summ           1%         N/A       52%         3
 Ice Form                 Ice/Tmut       5%         N/A       77%         4
 Leda's Liquefaction      Hex/Erth       0%         N/A       90%         4
 Portal Projectile        Hex/Tloc       Unusable   N/A       N/A         3

Dungeon Overview and Level Annotations

Branches:
Dungeon (3/15)

Altars:

Shops:
D:1 :   D:2 :!(*=


Innate Abilities, Weirdness & Mutations

You have sharp claws.
You have razor-sharp teeth.
You have supernaturally acute eyesight. (SInv)
You cover ground quickly. (Speed+)
You are covered in fur. (AC +1)
Your paws help you pounce on unaware monsters.
You are incapable of wielding weapons or throwing items.
You cannot wear armour.
You gain extra lives every three experience levels.


Message History

You rejoin the land of the living...
Found 2 scrolls labelled HASUNE ARCHO.
Found a stone staircase leading up.
No target in view!
The gnoll closely misses you.
You barely miss the gnoll. You bite the gnoll.
You kill the gnoll!
The gnoll closely misses you.
Things that are here:
a +0 halberd; a gnoll corpse You closely miss the gnoll.
The gnoll closely misses you.
You scratch the gnoll but do no damage. Your bite misses the gnoll.
The gnoll closely misses you.
You closely miss the gnoll. The gnoll barely misses you.
You scratch the gnoll.
The gnoll is moderately wounded.
The gnoll hits you with a +0 halberd of protection!
Ouch! That really hurt!
* * * LOW HITPOINT WARNING * * *
You claw the gnoll!
The gnoll is almost dead.
The gnoll misses you.
You scratch the gnoll but do no damage. Your bite misses the gnoll.
The gnoll is almost dead.
The gnoll closely misses you.
You scratch the gnoll.
The gnoll is almost dead.
The gnoll barely misses you.
You barely miss the gnoll.
The gnoll is almost dead.
You scratch the gnoll but do no damage.
The gnoll is almost dead.
You scratch the gnoll.
You kill the gnoll!
Welcome back to level 4!
You barely miss the gnoll. The gnoll completely misses you.
You barely miss the gnoll. Your bite misses the gnoll.
The gnoll hits you with a +0 club.
* * * LOW HITPOINT WARNING * * *
You barely miss the gnoll. The gnoll hits you with a +0 club.
You die...

########............>
##..g..........
##).#...######.
.#####...#.###
....>..o...# ###.
####...#### .....
#.#.############?..#
...#.##............#
##.####.##.#@....####...#
...........g).....## ...
##.......†.........# <
#.#######............ #
#.............
#).......^....
#<........####
#.........# #.........#


You could see a gnoll.

Vanquished Creatures
  A hound (D:2)
  2 adders
  2 gnolls (D:3)
  A dart slug (D:2)
  2 orcs (D:3)
  3 bats
  3 endoplasms (D:1)
  5 giant cockroaches
  7 hobgoblins
  4 jackals (D:1)
  4 ball pythons
  4 frilled lizards (D:2)
  3 goblins
  6 kobolds
  2 rats
49 creatures vanquished.

Notes
Turn   | Place    | Note
-------+----------+-------------------------------------------
     0 | D:1      | Leeroy the Felid Transmuter began the quest for the Orb.
     0 | D:1      | Reached XP level 1. HP: 9/9 MP: 4/4
   108 | D:1      | Reached XP level 2. HP: 12/12 MP: 6/6
   224 | D:1      | Reached skill level 4 in Unarmed Combat
   480 | D:1      | Found Yllom's Vocational Training.
   485 | D:1      | Reached XP level 3. HP: 15/15 MP: 7/7
   674 | D:2      | Found Teirro Ossai's Book Emporium.
   748 | D:2      | Found Icym's Distillery.
   805 | D:2      | Found Oniemi Cudo's Jewellery Shoppe.
   843 | D:2      | Found Hif Atu's Antique Weapon Shoppe.
   893 | D:2      | Found Onkoq's Assorted Antiques.
  1228 | D:3      | Learned a level 3 spell: Spider Form
  1247 | D:3      | Reached XP level 4. HP: 10/19 MP: 8/8
  1428 | D:2      | Reached skill level 5 in Unarmed Combat
  1570 | D:3      | Slain by a gnoll
  1571 | D:3      | Reached XP level 3. HP: -1/15 MP: 7/7
  1588 | D:3      | Reached XP level 4. HP: 7/19 MP: 8/8
  1590 | D:3      | Slain by a gnoll

Illustrated notes

Levels and vault maps discovered:
D:1:      tekkud_arrival_beachfront_property, layout_basic, minivault_24,
          nicolae_concentric_dashed_squares_wild, nicolae_shop_vocational
D:2:      layout_basic, serial_shops, shop, nicolae_shop_window_shopping,
          nicolae_shop_waterfront, nicolae_diamond_shop, nicolae_diamond_shop
D:3:      layout_rooms, dreamdust_princess_corridor

Skill      XL: |  1  2  3  4 |
---------------+-------------+-----
Unarmed Combat | 4 5 |  5.4
Fighting       | |  1.0
Dodging        | |  2.6
Spellcasting   | |  2.0
Transmutations | |  2.6

Action                   |  1- 3 |  4- 6 || total
-------------------------+-------+-------++-------
Melee: Unarmed           |   104 |    22 ||   126
       Bite              |    10 |     3 ||    13
       Punch             |     3 |       ||     3
       Headbutt          |     1 |       ||     1
 Cast: Beastly Appendage |     3 |       ||     3
       Spider Form       |       |     1 ||     1
 Stab: Sleeping          |     4 |       ||     4
Armor: Skin              |     3 |       ||     3
Dodge: Dodged            |    79 |    25 ||   104

Table legend: (Time is in decaauts)
 A = Elapsed time spent in this place.
 B = Non-inter-level travel time spent in this place.
 C = Inter-level travel time spent in this place.
 D = Time resting spent in this place.
 E = Time spent auto-exploring this place.
 F = Levels seen in this place.
 G = Mean time per level.
                   A        B        C        D        E       F      G
               +--------+--------+--------+--------+--------+-----+--------+
         Total |   1360 |   1324 |     36 |    122 |    884 |   3 |  453.3 |
       Dungeon |   1360 |   1324 |     36 |    122 |    884 |   3 |  453.3 |
               +--------+--------+--------+--------+--------+-----+--------+

Top non-repeatable levels by time:
     D:2: 656 daAuts
     D:1: 496 daAuts
     D:3: 207 daAuts
